 Dungeon Crawl Stone Soup version 0.30-a0-612-g150a0467c1 (webtiles) character file.

Game seed: 15512685396162213810

245 zero the Magician (level 5, -7/28 HPs)
             Began as a Deep Elf Earth Elementalist on Jan 8, 2023.
             Mangled by a gnoll
             ... wielding a +0 club
              (8 damage)
             ... on level 4 of the Dungeon.
             The game lasted 00:02:03 (2959 turns).

zero the Magician (Deep Elf Earth Elementalist)     Turns: 2959, Time: 00:02:04

Health: -7/28      AC:  3    Str:  9    XL:     5   Next: 84%
Magic:  13/14      EV: 12    Int: 22    God:
Gold:   245        SH:  3    Dex: 15    Spells: 10/14 levels left

rFire   . . .      SeeInvis .    x - +7 rapier "Ulaataov" {heavy, Str+4}
rCold   . . .      Faith    .    v - +0 buckler
rNeg    . . .      Spirit   .    a - +0 robe
rPois   .          Reflect  .    (no helmet)
rElec   .          Harm     .    y - +0 cloak
rCorr   .          Rampage  .    (no gloves)
Will    .....                    (no boots)
Stlth   ++                       (no amulet)
HPRegen 0.24/turn                d - ring of wizardry
MPRegen 0.14/turn                (no ring)

@: no status effects
A: no striking features
a: no special abilities


You were on level 4 of the Dungeon.
You visited 1 branch of the dungeon, and saw 4 of its levels.

You collected 245 gold pieces.

Inventory:

Hand Weapons
 h - a +0 whip of flaming
 x - the +7 rapier "Ulaataov" (weapon) {heavy, Str+4}
   (You found it on level 4 of the Dungeon)

   Str:       It affects your strength (+4).
Missiles
 l - a throwing net
Armour
 a - a +0 robe (worn)
 v - a +0 buckler (worn)
 y - a +0 cloak (worn)
Jewellery
 d - a ring of wizardry (left hand)
Scrolls
 c - 7 scrolls of teleportation {unknown}
 e - a scroll of fear {unknown}
 f - a scroll of amnesia {unknown}
 j - a scroll of identify {unknown}
 k - a scroll of magic mapping {unknown}
 m - a scroll of torment {unknown}
 n - 2 scrolls of enchant armour {unknown}
 q - a scroll of vulnerability {unknown}
 r - a scroll of noise {unknown}
 t - a scroll of immolation {unknown}
 w - a scroll of enchant weapon {unknown}
 A - 3 scrolls of blinking {unknown}
Potions
 b - a potion of magic
 g - a potion of mutation {unknown}
 i - 2 potions of might {unknown}
 o - a potion of berserk rage {unknown}
 p - a potion of cancellation {unknown}
 s - a potion of curing {unknown}
 u - a potion of heal wounds {unknown}
 z - a potion of haste {unknown}


   Skills:
 - Level 2.4 Dodging
 - Level 2.4 Stealth
 + Level 5.4 Spellcasting
 - Level 3.0 Conjurations
 - Level 1.1 Transmutations
 + Level 5.2 Earth Magic


You had 10 spell levels left.
You knew the following spells:

 Your Spells              Type           Power      Damage    Failure   Level
a - Sandblast             Erth           56%        2d13      1%          1
b - Stone Arrow           Conj/Erth      48%        3d10      3%          3

Your spell library contained the following spells:

 Spells                   Type           Power      Damage    Failure   Level
 Passwall                 Tmut/Erth      15%        N/A       2%          2
 Petrify                  Tmut/Erth      19%        N/A       14%         4


Dungeon Overview and Level Annotations

Branches:
Dungeon (4/15)
 Temple: D:4-7

Altars:
Uskayaw

Shops:
D:2 *


Message History

Found 4 stones.
No target in view!
No target in view!
You now have 245 gold pieces (gained 17).
You see here 4 stones.
A quokka comes into view.
You enter the shallow water.
Moving in this stuff is going to be slow.
A quokka is nearby!
The blast of sand hits the quokka!
You kill the quokka!
No target in view!
Key pressed, stopping explore.
No target in view!
You can't see any susceptible monsters within range! (Use Z to cast anyway.) No target in view!
A gnoll comes into view.
It is wielding a +0 spear. 2 gnolls come into view.
The gnoll shouts! x3
The gnoll closely misses you.
The blast of sand hits the gnoll!
The gnoll is almost dead.
The gnoll barely misses you.
You closely miss the gnoll.
The gnoll is almost dead.
The gnoll hits you from afar with a +0 halberd!
You block the gnoll's attack.
The gnoll hits you from afar with a +0 halberd!
* * * LOW HITPOINT WARNING * * *
The gnoll hits you from afar with a +0 spear.
* * * LOW HITPOINT WARNING * * *
The gnoll hits you with a +0 club.
* * * LOW HITPOINT WARNING * * *
You are too injured to fight recklessly!
You are too injured to fight recklessly!
There are monsters nearby!
You are too injured to fight recklessly!
There are monsters nearby!
The gnoll attacks as you move away! The gnoll hits you with a +0 club!
You die...

#≈#≈≈≈≈≈~.~...##.##
##≈≈≈≈≈.(...##.# ##
##≈~≈≈~....##.# #.###
###~~~.~#####.# #....
#..≈~≈..# #># #.
.##....#.#~~~~..#
#.#.#.
........##.≈~~~.#
#.#.#.
.........#..~~~~##
#.#.#.
#......g@..≈.≈~..#
#.#.#.
.####gg###.†~~~..#
#.#.#. #.. #~.~≈~...#
#.#.#† .... ..~~.~...#
#.#.#. ###..
..~≈.~~.....#....#
#..###~~~.~~.....#.#..
#.. ..~~≈.#######...#
##. #.≈≈.~≈ #####


You could see 3 gnolls.

Vanquished Creatures
  A necrophage (D:4)
  A jelly (D:4)
  3 gnolls (D:3)
  6 adders
  A shadow imp (D:3)
  3 orcs (D:3)
  4 endoplasms
  3 giant cockroaches
  5 hobgoblins
  4 jackals
  4 quokkas
  6 ball pythons
  5 bats
  4 frilled lizards
  8 goblins
  2 kobolds (D:3)
  2 rats (D:3)
62 creatures vanquished.

Notes
Turn   | Place    | Note
-------+----------+-------------------------------------------
     0 | D:1      | zero the Deep Elf Earth Elementalist began the quest for
                  | the Orb.
     0 | D:1      | Reached XP level 1. HP: 10/10 MP: 6/6
   445 | D:1      | Found a faded altar of an unknown god.
   536 | D:1      | You fall into a shaft and drop 1 floor!
   959 | D:2      | Reached XP level 2. HP: 15/15 MP: 6/8
   988 | D:2      | Reached skill level 1 in Conjurations
  1041 | D:2      | Found a hide-covered altar of Uskayaw.
  1079 | D:2      | Reached XP level 3. HP: 14/19 MP: 6/10
  1403 | D:2      | Found Ilonteul's General Store.
  1532 | D:3      | Reached XP level 4. HP: 21/24 MP: 8/12
  1536 | D:3      | Learned a level 3 spell: Stone Arrow
  2309 | D:3      | Reached XP level 5. HP: 28/28 MP: 12/14
  2736 | D:4      | Identified the +7 rapier "Ulaataov" {heavy, Str+4}
  2781 | D:4      | Reached skill level 5 in Spellcasting
  2781 | D:4      | Reached skill level 5 in Earth Magic
  2957 | D:4      | HP: 1/28 [gnoll/+0 club (3)]
  2959 | D:4      | Mangled by a gnoll

Illustrated notes

Levels and vault maps discovered:
D:1:      nzn_arrival_water_spiral, layout_basic,
          ebering_ecumenical_altar_sacrificial
D:2:      layout_rooms, serial_shops, shop, basic_altar
D:3:      corexii_shack_village, layout_basic, minmay_fractal_squares_gapless_5
D:4:      layout_loops_ring, minmay_temple_entry_fiery, corexii_hall_statues_x,
          chequers_serial_rivers_large_a, kennysheep_generic_room_9, uniq_robin

Skill      XL: |  1  2  3  4  5 |
---------------+----------------+-----
Conjurations   | 1 2 3 |  3.0
Spellcasting   | 4 5 |  5.4
Earth Magic    | 4 5 |  5.2
Dodging        | |  2.4
Stealth        | |  2.4
Transmutations | |  1.1

Action                   |  1- 3 |  4- 6 || total
-------------------------+-------+-------++-------
Melee: Unarmed           |     5 |       ||     5
       Whip              |    14 |    25 ||    39
       Rapier            |       |     3 ||     3
 Cast: Sandblast         |    39 |    29 ||    68
       Stone Arrow       |       |     3 ||     3
 Stab: Sleeping          |     1 |     1 ||     2
Armor: Robe              |     7 |     4 ||    11
Dodge: Dodged            |    27 |    30 ||    57
Block: Buckler           |       |     2 ||     2

Table legend: (Time is in decaauts)
 A = Elapsed time spent in this place.
 B = Non-inter-level travel time spent in this place.
 C = Inter-level travel time spent in this place.
 D = Time resting spent in this place.
 E = Time spent auto-exploring this place.
 F = Levels seen in this place.
 G = Mean time per level.
                   A        B        C        D        E       F      G
               +--------+--------+--------+--------+--------+-----+--------+
         Total |   2998 |   2870 |    128 |    523 |   1970 |   4 |  749.5 |
       Dungeon |   2998 |   2870 |    128 |    523 |   1970 |   4 |  749.5 |
               +--------+--------+--------+--------+--------+-----+--------+

Top non-repeatable levels by time:
     D:3: 1217 daAuts
     D:1: 930 daAuts
     D:2: 603 daAuts
     D:4: 247 daAuts
